 Dungeon Crawl Stone Soup version 0.29.1-1-gd02db6906a (webtiles) character file.

Game seed: 17468455577057028328

37 Ashen the Chiller (level 3, -4/24 HPs)
             Began as a Demonspawn Ice Elementalist on Sept 15, 2022.
             Killed by nerve-wracking pain
             ... invoked by Jessica
              (9 damage)
             ... on level 3 of the Dungeon.
             The game lasted 00:02:07 (1884 turns).

Ashen the Chiller (Demonspawn Ice Elementalist)     Turns: 1884, Time: 00:02:07

Health: -4/24      AC:  3    Str:  8    XL:     3   Next: 23%
Magic:  3/6        EV: 12    Int: 18    God:
Gold:   95         SH:  4    Dex: 13    Spells: 5/6 levels left

rFire   . . .      SeeInvis .   c - staff of air
rCold   + . .      Faith    .   (no shield)
rNeg    . . .      Spirit   .   a - +0 robe
rPois   .          Reflect  .   j - +0 helmet
rElec   +          Harm     .   (no cloak)
rCorr   .          Rampage  .   (no gloves)
Will    .....                   (no boots)
Stlth   ++........              (no amulet)
HPRegen 0.08/turn               e - ring of protection from cold
MPRegen 0.10/turn               (no ring)

@: no status effects
A: condensation shield
a: no special abilities


You were on level 3 of the Dungeon.
You visited 1 branch of the dungeon, and saw 3 of its levels.

You collected 95 gold pieces.

Inventory:

Armour
 a - a +0 robe (worn)
 j - a +0 helmet (worn)
Magical Staves
 c - a staff of air (weapon)
Jewellery
 e - a ring of protection from cold (left hand)
Scrolls
 d - 2 scrolls of teleportation {unknown}
 h - a scroll of noise {unknown}
 l - a scroll of fog {unknown}
Potions
 b - a potion of magic
 f - a potion of heal wounds {unknown}
 g - a potion of mutation {unknown}
 i - a potion of haste {unknown}
 k - 2 potions of degeneration {unknown}
 m - 3 potions of curing
 n - a potion of lignification {unknown}


   Skills:
 + Level 2.3 Dodging
 + Level 2.3 Stealth
 + Level 2.3 Spellcasting
 + Level 3.9 Ice Magic


You had 5 spell levels left.
You knew the following spells:

 Your Spells              Type           Power      Damage    Failure   Level
a - Freeze                Ice            64%        1d8       3%          1

Your spell library contained the following spells:

 Spells                   Type           Power      Damage    Failure   Level
 Frozen Ramparts          Ice            32%        1d5       11%         3
 Ozocubu's Armour         Ice            16%        N/A       11%         3
 Hailstorm                Conj/Ice       9%         3d4       61%         4


Dungeon Overview and Level Annotations

Branches:
Dungeon (3/15)

Altars:
Hepliaklqana

Annotations:
D:3 Jessica


Innate Abilities, Weirdness & Mutations

A meltable shield of frost defends you. (SH +4)


Message History

Jessica seems to speed up.
You hit the bat.
You kill the bat!
You hit Jessica.
Jessica is lightly wounded.
Jessica gestures wildly.
Jessica points at you and mumbles some strange words.
Pain shoots through your body!
Ouch! That really hurt!
Jessica hits you with a +0 dagger.
Casting: Freeze (safe; 3% risk of failure)
Confirm with . or Enter, or press ? or * to list all spells.
Aiming: Freeze (safe; 3% risk of failure)
Press: ? - help, Shift-Dir - straight line, f - Jessica
Aim: Jessica, wielding a +0 dagger and wearing a +0 robe (lightly wounded, fast)
You freeze Jessica.
Jessica is severely wounded.
Jessica drinks a potion.
Jessica is healed!
Jessica barely misses you.
Casting: Freeze (safe; 3% risk of failure)
Confirm with . or Enter, or press ? or * to list all spells.
Aiming: Freeze (safe; 3% risk of failure)
Press: ? - help, Shift-Dir - straight line, f/p - Jessica
Aim: Jessica, wielding a +0 dagger and wearing a +0 robe (fast)
You freeze Jessica.
Jessica is heavily wounded.
Jessica hits you but does no damage.
Casting: Freeze (safe; 3% risk of failure)
Confirm with . or Enter, or press ? or * to list all spells.
Aiming: Freeze (safe; 3% risk of failure)
Press: ? - help, Shift-Dir - straight line, f/p - Jessica
Aim: Jessica, wielding a +0 dagger and wearing a +0 robe (heavily wounded, fast)
You freeze Jessica.
Jessica is severely wounded.
Jessica hits you with a +0 dagger.
* * * LOW HITPOINT WARNING * * *
Jessica casts a spell.
Jessica blinks!
Jessica gestures at you while chanting. Pain shoots through your body!
You die...

### ..# #.#
#.# #<# #.#
##†##
#.#@..####.#
#@.........#
###...######
#...# .....
#.....#
#.....#
##...##
###..


You could see Jessica (fast).

Vanquished Creatures
  An adder (D:2)
  A dart slug (D:2)
  2 ball pythons (D:2)
  3 bats
  2 endoplasms
  2 giant cockroaches
  3 goblins
  3 jackals (D:1)
  A frilled lizard (D:2)
  4 kobolds
  3 rats
25 creatures vanquished.

Notes
Turn   | Place    | Note
-------+----------+-------------------------------------------
     0 | D:1      | Ashen the Demonspawn Ice Elementalist began the quest for
                  | the Orb.
     0 | D:1      | Reached XP level 1. HP: 13/13 MP: 3/3
   512 | D:1      | Gained mutation: A meltable shield of frost defends you.
                  | (SH +4) [demonic ancestry]
   512 | D:1      | Reached XP level 2. HP: 16/19 MP: 3/5
   840 | D:1      | Found a faded altar of an unknown god.
   967 | D:2      | Found a hazy altar of Hepliaklqana.
  1659 | D:2      | Reached XP level 3. HP: 24/24 MP: 2/6
  1873 | D:3      | Noticed Jessica
  1884 | D:3      | Killed from afar by Jessica

Illustrated notes

Levels and vault maps discovered:
D:1:      scummos_arrival_star, layout_loops_cross,
          hellmonk_ecumenical_altar_arch_garden
D:2:      layout_basic, basic_altar
D:3:      layout_loops_ring, minitemple, mainiacjoe_overflow_alcove_4,
          portal_sewer_entry_b, biasface_ghost_orc_armoury, uniq_jessica,
          uniq_sigmund

Skill      XL: |  1 |
---------------+----+-----
Stealth        | 2 |  2.3
Dodging        | 2 |  2.3
Spellcasting   | |  2.3
Ice Magic      | |  3.9

Action                   || total
-------------------------++-------
Melee: Staff             ||    54
       Punch             ||     1
 Cast: Freeze            ||    32
 Stab: Sleeping          ||     5
Armor: Robe              ||    18
Dodge: Dodged            ||    48
Block: Other             ||     9
